 Dungeon Crawl Stone Soup version 0.18.1-5-g4a78601 (webtiles) character file.

133 tschems the Covered (level 4, -9/31 HPs)
             Began as a High Elf Fighter on May 11, 2016.
             Killed by divine providence
             ... invoked by an orc priest
              (10 damage)
             ... on level 4 of the Dungeon.
             The game lasted 00:31:03 (2820 turns).

tschems the Covered (High Elf Fighter)              Turns: 2820, Time: 00:31:04

Health: -9/31      AC:  7    Str: 16    XL:     4   Next: 94%
Magic:  5/5        EV:  7    Int: 12    God:
Gold:   103        SH:  9    Dex: 14    Spells: 0 memorised, 3 levels left

rFire  . . .     SeeInvis .     a - +0 flail
rCold  . . .     Gourm    .     b - +0 scale mail
rNeg   . . .     Faith    .     c - +0 shield
rPois  .         Spirit   .     (no helmet)
rElec  .         Dismiss  .     (no cloak)
rCorr  .         Reflect  .     (no gloves)
SustAt .         Harm     .     (no boots)
MR     .....                    (no amulet)
Stlth  ..........               (no ring)
                                (no ring)

@: not resistant to hostile enchantments, extremely unstealthy
A: no striking features
a: no special abilities


You were on level 4 of the Dungeon.
You were not hungry.

You visited 1 branch of the dungeon, and saw 3 of its levels.

You collected 103 gold pieces.

Inventory:

Hand Weapons
 a - a +0 flail (weapon)
 f - a +0 hunting sling
 j - a +0 short sword
 r - a +0 dagger
Missiles
 i - 65 sling bullets
 k - 23 bolts
 m - 15 poisoned needles
 o - 88 stones (quivered)
 p - 17 arrows
Armour
 b - a +0 scale mail (worn)
 c - a +0 shield (worn)
 t - a +0 ring mail
Scrolls
 d - 2 scrolls of fog {unknown}
 h - 2 scrolls of identify
 s - 2 scrolls of magic mapping
 u - a scroll of teleportation {unknown}
 v - a scroll of enchant armour {unknown}
Potions
 e - a potion of ambrosia
 g - a potion of haste
 l - a potion of curing {unknown}
 q - 2 potions of agility
Books
 n - a book of Party Tricks

   Spells                             Type                      Level
   a - Summon Butterflies             Summoning                    1
   b - Apportation                    Translocation                1
   c - Tukima's Dance                 Hexes                        3
   d - Alistair's Intoxication        Transmutation/Poison         5
   e - Invisibility                   Hexes                        6
Comestibles
 w - a slice of pizza


   Skills:
 + Level 3.5 Fighting
 + Level 2.1 Maces & Flails
 + Level 0.4 Throwing
 + Level 3.7 Armour
 + Level 1.6 Dodging
 + Level 3.2 Shields


You had 3 spell levels left.
You didn't know any spells.

Dungeon Overview and Level Annotations

Branches:
Dungeon (2/15)

Altars:


Message History

The orc wizard blinks!
The orc hits you but does no damage. The hound bites you but does no damage.
An orc comes into view. It is wielding a morningstar.
You completely miss the hound.
The hound is almost dead.
The orc shouts!
The hound bites you but does no damage. You block the orc's attack.
The hound bites you. The orc hits you but does no damage.
The hound bites you but does no damage. You block the hound's attack.
The orc priest calls down the wrath of Beogh upon you.
Beogh smites you!
* * * LOW HITPOINT WARNING * * *
The hound bites you but does no damage.
The orc priest miscasts a cantrip.
The hound bites you.
* * * LOW HITPOINT WARNING * * *
The orc priest calls down the wrath of Beogh upon you.
Beogh smites you!
You die...

#....######†#######
#....#...........# #.
#....#...........# #..
#................# #.#
###.#............#######
##..####.o..................#
.......o........#...........#
.......o.)......#...........#
............oh@.#.###########
.........#.###...##
.........#.# #...#
...........# #...#
.........#.......#
.........#.......#
.........#.....###
.........#.....# #####.#..#
...


You could see a hound, an orc priest, an orc wizard and 2 orcs.

Vanquished Creatures
  A worker ant (D:4)
  5 adders (D:2)
  A howler monkey skeleton (D:4)
  An ooze (D:1)
  A worm (D:2)
  A dart slug (D:1)
  2 giant geckos
  A ball python (D:1)
  2 giant cockroaches (D:1)
  5 goblins (D:1)
  6 hobgoblins
  A quokka (D:2)
  6 bats
  A giant newt (D:2)
  4 kobolds
  10 rats
48 creatures vanquished.

Notes
Turn   | Place    | Note
--------------------------------------------------------------
     0 | D:1      | tschems the High Elf Fighter began the quest for the Orb.
     0 | D:1      | Reached XP level 1. HP: 16/16 MP: 2/2
   117 | D:1      | Reached XP level 2. HP: 21/21 MP: 3/3
   795 | D:1      | Reached XP level 3. HP: 24/26 MP: 4/4
  1680 | D:2      | Reached skill level 1 in Dodging
  1876 | D:2      | Reached XP level 4. HP: 27/31 MP: 5/5
  2462 | D:2      | You fall through a shaft for 2 floors!
  2818 | D:4      | HP: 1/31 [hound (3)]
  2820 | D:4      | Killed from afar by an orc priest

Skill      XL: |  1  2  3  4 |
---------------+-------------+-----
Armour         | 3 |  3.7
Shields        | 3 |  3.2
Dodging        | 1 |  1.6
Maces & Flails | 2 |  2.1
Fighting       | |  3.5
Throwing       | |  0.4

Action                   |  1- 3 |  4- 6 || total
-------------------------+-------+-------++-------
Melee: Flail             |   115 |    66 ||   181
Throw: Stone             |     9 |     3 ||    12
  Use: Scroll            |     6 |       ||     6
       Potion            |       |     1 ||     1
  Eat: Bread ration      |     1 |       ||     1
       Meat ration       |       |     1 ||     1
Armor: Scale mail        |    53 |    47 ||   100
Dodge: Dodged            |    39 |    41 ||    80
Block: Shield            |    56 |    43 ||    99
